PAA
SPRINGFIELD SHOOTERS @ MERCER ISLAND SCREAMING EAGLES
06/24/2021
 
TOP OF THE 1ST
Springfield Shooters batting - Pitching for Mercer Island Screaming Eagles : LHP James Scott
Pitching: LHP James Scott
Batting: SHB Albert Santos 0-0: SINGLE (Line Drive, 34D)
Batting: LHB Carl Pierce 0-0: Ball
1-0: Called Strike
1-1: Called Strike
1-2: Strikes out swinging
Batting: RHB José López 0-0: Called Strike
0-1: Swinging Strike
0-2: Ball
1-2: Ball
2-2: Strikes out swinging
Batting: RHB Darrell Terwey 0-0: Ball
1-0: Ball
2-0: Ball
3-0: Called Strike
3-1: Called Strike
3-2: Strikes out swinging
Top of the 1st over - 0 run(s), 1 hit(s), 0 error(s), 1 left on base; Springfield 0 - Mercer Island 0
BOTTOM OF THE 1ST
Mercer Island Screaming Eagles batting - Pitching for Springfield Shooters : RHP Brian Little
Pitching: RHP Brian Little
Batting: LHB Nelson Plasenia 0-0: Ball
1-0: Swinging Strike
1-1: SINGLE (Groundball, 13S) (infield hit)
Batting: SHB José Salazar 0-0: Called Strike
0-1: Called Strike
0-2: SINGLE (Groundball, 34D)
Nelson Plasenia to second
Runner from 2nd tries for 3rd, SAFE, throw made to third
Batting: SHB Ray Davis 0-0: Ball
1-0: Fly out, F7 (Flyball, 7M)
Runner from 3rd tags up, SCORES, throw made
Batting: RHB Luis Antonio Hernández 0-0: Ball
1-0: Ball
2-0: Ball
3-0: Called Strike
3-1: Base on Balls
José Salazar to second
Batting: RHB Enrique Echevarría 0-0: Ball
1-0: TRIPLE (Flyball, 9LS)
José Salazar scores
Luis Antonio Hernández scores
Batting: SHB Miguel Pérez 0-0: Ball
1-0: Ball
2-0: Ball
3-0: Base on Balls
Batting: RHB Randy Rehling 0-0: Ball
1-0: Ball
2-0: Foul Ball, location: 2F
2-1: Ball
3-1: Base on Balls
Miguel Pérez to second
Batting: LHB Mike Russell 0-0: Ball
1-0: Foul Ball, location: 2F
1-1: SINGLE (Line Drive, 4D)
Enrique Echevarría scores
Miguel Pérez to third
Randy Rehling to second
Runner from 3rd tries for Home, SAFE, throw made at trailing runner, SAFE at third!
Batting: RHB Lloyd Alberink 0-0: Swinging Strike
0-1: Swinging Strike
0-2: SINGLE (Flyball, 7S)
Randy Rehling scores
Mike Russell to second
Batting: LHB Nelson Plasenia 0-0: Ball
1-0: Ball
2-0: Called Strike
2-1: Ball
3-1: Swinging Strike
3-2: SINGLE (Groundball, 3D)
Mike Russell to third
Lloyd Alberink to second
Runner from 3rd tries for Home, SAFE, throw made home
Lloyd Alberink to third
Nelson Plasenia to second
Batting: SHB José Salazar 0-0: Foul Ball, location: 2F
0-1: Foul Ball, location: 2F
0-2: Ball
1-2: SINGLE (Groundball, 5)
Lloyd Alberink scores
Nelson Plasenia to third
Batting: SHB Ray Davis Pickoff Throw to First - Error! E1
Nelson Plasenia scores
José Salazar to second
Pitching: RHP Vincente Ortíz 0-0: Ball
1-0: Fly out, F7 (Flyball, 7M)
Batting: RHB Luis Antonio Hernández 0-0: Called Strike
0-1: Ball
1-1: Ball
2-1: Ball
3-1: Fly out, F7 (Flyball, 7S)
Bottom of the 1st over - 9 run(s), 7 hit(s), 1 error(s), 1 left on base; Springfield 0 - Mercer Island 9
TOP OF THE 2ND
Springfield Shooters batting - Pitching for Mercer Island Screaming Eagles : LHP James Scott
Batting: RHB Ethan Miller 0-0: Fly out, F6 (Line Drive, 6)
Batting: LHB Joram Nelen 0-0: Called Strike
0-1: Swinging Strike
0-2: Ball
1-2: Ball
2-2: Fly out, F7 (Flyball, 7M)
Batting: LHB Ted Cracknell 0-0: Called Strike
0-1: Foul Ball, location: 2F
0-2: Ball
1-2: Ground out 3-1 (Groundball, 34S)
Top of the 2nd over - 0 run(s), 0 hit(s), 0 error(s), 0 left on base; Springfield 0 - Mercer Island 9
BOTTOM OF THE 2ND
Mercer Island Screaming Eagles batting - Pitching for Springfield Shooters : RHP Vincente Ortíz
Batting: RHB Enrique Echevarría 0-0: Ball
1-0: Swinging Strike
1-1: Ball
2-1: Swinging Strike
2-2: Foul Ball, location: 2F
2-2: Ball
3-2: Base on Balls
Batting: SHB Miguel Pérez 0-0: Called Strike
0-1: Foul Ball, location: 2F
0-2: Ball
1-2: Ball
2-2: Ball
3-2: Strikes out swinging
Batting: RHB Randy Rehling 0-0: Ball
1-0: Swinging Strike
1-1: Swinging Strike
1-2: Ball
2-2: Strikes out swinging
Batting: LHB Mike Russell 0-0: Foul Ball, location: 2F
0-1: Ball
1-1: Ball
2-1: SINGLE (Line Drive, 6MD)
Enrique Echevarría to second
Batting: RHB Lloyd Alberink 0-0: Called Strike
0-1: Ball
1-1: Ball
2-1: Foul Ball, location: 2F
2-2: Foul Ball, location: 2F
2-2: Ball
3-2: Ground out 6-3 (Groundball, 6)
Bottom of the 2nd over - 0 run(s), 1 hit(s), 0 error(s), 2 left on base; Springfield 0 - Mercer Island 9
TOP OF THE 3RD
Springfield Shooters batting - Pitching for Mercer Island Screaming Eagles : LHP James Scott
Batting: LHB Carlton Little 0-0: Called Strike
0-1: Bunted foul
0-2: Ball
1-2: Fly out, F2 (Popup, 2LF)
Batting: RHB Álex Escobar 0-0: Called Strike
0-1: Foul Ball, location: 2F
0-2: Ball
1-2: Strikes out swinging
Batting: SHB Albert Santos 0-0: Foul Ball, location: 2F
0-1: Ball
1-1: Ball
2-1: Called Strike
2-2: Foul Ball, location: 2F
2-2: Ball
3-2: Base on Balls
Batting: LHB Carl Pierce 0-0: Ball
1-0: Called Strike
1-1: Ball
Albert Santos steals 2nd base
2-1: Ball
3-1: 2-RUN HOME RUN (Flyball, 7LD), Distance : 353 ft
Batting: RHB José López 0-0: Ball
1-0: Ground out 4-3 (Groundball, 4)
Top of the 3rd over - 2 run(s), 1 hit(s), 0 error(s), 0 left on base; Springfield 2 - Mercer Island 9
BOTTOM OF THE 3RD
Mercer Island Screaming Eagles batting - Pitching for Springfield Shooters : RHP Vincente Ortíz
Batting: LHB Nelson Plasenia 0-0: Ball
1-0: Ground out 6-3 (Groundball, 6M)
Batting: SHB José Salazar 0-0: Ball
1-0: Fly out, F5 (Line Drive, 56)
Batting: SHB Ray Davis 0-0: Ball
1-0: Fly out, F4 (Line Drive, 4)
Bottom of the 3rd over - 0 run(s), 0 hit(s), 0 error(s), 0 left on base; Springfield 2 - Mercer Island 9
TOP OF THE 4TH
Springfield Shooters batting - Pitching for Mercer Island Screaming Eagles : LHP James Scott
Batting: RHB Darrell Terwey 0-0: Ball
1-0: Called Strike
1-1: Ground out 3-1 (Groundball, 34S)
Batting: RHB Ethan Miller 0-0: DOUBLE (Line Drive, 7LD)
Batting: LHB Joram Nelen 0-0: Called Strike
0-1: Called Strike
0-2: Fly out, F8 (Flyball, 78M)
Batting: LHB Ted Cracknell 0-0: Called Strike
0-1: Ball
1-1: Ground out 4-3 (Groundball, 4)
Top of the 4th over - 0 run(s), 1 hit(s), 0 error(s), 1 left on base; Springfield 2 - Mercer Island 9
BOTTOM OF THE 4TH
Mercer Island Screaming Eagles batting - Pitching for Springfield Shooters : RHP Vincente Ortíz
Batting: RHB Luis Antonio Hernández 0-0: Called Strike
0-1: Swinging Strike
0-2: Ball
1-2: Ball
2-2: Foul Ball, location: 2F
2-2: Foul Ball, location: 2F
2-2: Fly out, F9 (Flyball, 9LM)
Batting: RHB Enrique Echevarría 0-0: Ball
1-0: Ball
2-0: Called Strike
2-1: Called Strike
2-2: Ball
3-2: Base on Balls
Pitching: RHP Santiago Hernández
Batting: SHB Miguel Pérez 0-0: Grounds into double play, 1-4-3 (Groundball, 13)
Bottom of the 4th over - 0 run(s), 0 hit(s), 0 error(s), 0 left on base; Springfield 2 - Mercer Island 9
TOP OF THE 5TH
Springfield Shooters batting - Pitching for Mercer Island Screaming Eagles : LHP James Scott
Batting: LHB Carlton Little 0-0: Ground out U3 (Groundball, 3)
Batting: RHB Álex Escobar 0-0: Called Strike
0-1: Ball
1-1: Ball
2-1: Reached on error, E5 (Groundball, 5L)
Batting: SHB Albert Santos 0-0: Ball
1-0: Foul Ball, location: 2F
1-1: Fly out, F9 (Flyball, 9M)
Batting: LHB Carl Pierce 0-0: Ball
1-0: Called Strike
1-1: Swinging Strike
1-2: Ball
2-2: Fly out, F8 (Line Drive, 8RS)
Top of the 5th over - 0 run(s), 0 hit(s), 1 error(s), 1 left on base; Springfield 2 - Mercer Island 9
BOTTOM OF THE 5TH
Mercer Island Screaming Eagles batting - Pitching for Springfield Shooters : RHP Santiago Hernández
Batting: RHB Randy Rehling 0-0: Ball
1-0: Called Strike
1-1: Foul Ball, location: 2F
1-2: Ball
2-2: Reached on Error, E8 (Line Drive, 8LM)
Batting: LHB Mike Russell 0-0: Bunt missed!
0-1: Foul Ball, location: 2F
0-2: SINGLE (Flyball, 89S)
Randy Rehling to second
Runner from 2nd tries for 3rd, SAFE, throw made to third
Batting: RHB Lloyd Alberink 0-0: Called Strike
0-1: Ball
1-1: Foul Ball, location: 2F
1-2: SINGLE (Flyball, 4MD)
Randy Rehling scores
Mike Russell to second
Batting: LHB Nelson Plasenia 0-0: Sac Bunt - play at first, batter OUT! 1-3
Mike Russell to third
Lloyd Alberink to second
Batting: SHB José Salazar 0-0: Fly out, F4 (Line Drive, 4)
Batting: SHB Ray Davis 0-0: 3-RUN HOME RUN (Line Drive, 89XD), Distance : 427 ft
Pitching: RHP Nate Arredondo
Batting: RHB Luis Antonio Hernández 0-0: Ball
1-0: Ball
2-0: Called Strike
2-1: Ball
3-1: Foul Ball, location: 2F
3-2: Strikes out swinging
Bottom of the 5th over - 4 run(s), 3 hit(s), 1 error(s), 0 left on base; Springfield 2 - Mercer Island 13
TOP OF THE 6TH
Springfield Shooters batting - Pitching for Mercer Island Screaming Eagles : LHP James Scott
Batting: RHB José López 0-0: SINGLE (Groundball, 4)
Batting: RHB Darrell Terwey 0-0: Fly out, F8 (Flyball, 8LM)
Batting: RHB Ethan Miller 0-0: Ball
1-0: Fly out, F4 (Popup, 34D)
Batting: LHB Joram Nelen 0-0: Ball
1-0: Ball
2-0: SINGLE (Line Drive, 56D)
José López to second
Batting: LHB Ted Cracknell 0-0: Ball
1-0: Ball
2-0: Called Strike
2-1: Foul Ball, location: 2F
2-2: Fly out, F8 (Flyball, 8LXD)
Top of the 6th over - 0 run(s), 2 hit(s), 0 error(s), 2 left on base; Springfield 2 - Mercer Island 13
BOTTOM OF THE 6TH
Mercer Island Screaming Eagles batting - Pitching for Springfield Shooters : RHP Nate Arredondo
Batting: RHB Enrique Echevarría 0-0: Foul Ball, location: 2F
0-1: SINGLE (Groundball, 34D)
Batting: SHB Miguel Pérez 0-0: Bunted foul
0-1: Ball
1-1: Bunted foul
1-2: Fly out, F8 (Flyball, 8LD)
Batting: RHB Randy Rehling 0-0: SINGLE (Groundball, 5D)
Enrique Echevarría to second
Batting: LHB Mike Russell 0-0: Called Strike
0-1: Ball
1-1: Ball
2-1: SINGLE (Line Drive, 7LS)
Enrique Echevarría to third
Randy Rehling to second
Batting: RHB Lloyd Alberink 0-0: Swinging Strike
0-1: Foul Ball, location: 2F
0-2: Ball
1-2: Ball
2-2: SINGLE (Groundball, 15S) (infield hit)
Enrique Echevarría scores
Randy Rehling to third
Mike Russell to second
Batting: LHB Nelson Plasenia 0-0: Foul Ball, location: 2F
0-1: Ball
1-1: Foul Ball, location: 2F
1-2: Foul Ball, location: 2F
1-2: Ball
2-2: Ball
3-2: Fly out, F7 (Flyball, 78D)
Runner from 3rd tags up, SCORES, no throw
Batting: SHB José Salazar 0-0: Ball
1-0: SINGLE (Flyball, 8RS)
Mike Russell to third
Lloyd Alberink to second
Runner from 3rd tries for Home, SAFE, throw made home
Lloyd Alberink to third
José Salazar to second
Pitching: RHP Johnny Wheeler
Batting: SHB Ray Davis 0-0: Ball
1-0: Called Strike
1-1: Ball
2-1: Foul Ball, location: 2F
2-2: Ball
3-2: Foul Ball, location: 2F
3-2: Fly out, F8 (Flyball, 8RM)
Bottom of the 6th over - 3 run(s), 5 hit(s), 0 error(s), 2 left on base; Springfield 2 - Mercer Island 16
TOP OF THE 7TH
Springfield Shooters batting - Pitching for Mercer Island Screaming Eagles : LHP James Scott
Batting: LHB Carlton Little 0-0: Ball
1-0: Foul Ball, location: 2F
1-1: Ball
2-1: SINGLE (Line Drive, 34)
Pitching: RHP Marcos Mesa
Batting: RHB Álex Escobar 0-0: Called Strike
0-1: Ground out 5-3 (Groundball, 5S)
Carlton Little to second
Batting: SHB Albert Santos 0-0: Ball
1-0: Ball
2-0: Called Strike
2-1: Ball
3-1: Called Strike
3-2: Base on Balls
Batting: LHB Carl Pierce 0-0: Ball
1-0: Ball
2-0: Ball
3-0: Called Strike
3-1: Base on Balls
Carlton Little to third
Albert Santos to second
Batting: RHB José López 0-0: Ball
1-0: Grounds into double play, 6-4-3 (Groundball, 6)
Top of the 7th over - 0 run(s), 1 hit(s), 0 error(s), 2 left on base; Springfield 2 - Mercer Island 16
BOTTOM OF THE 7TH
Mercer Island Screaming Eagles batting - Pitching for Springfield Shooters : RHP Johnny Wheeler
Batting: RHB Luis Antonio Hernández 0-0: Called Strike
0-1: Ball
1-1: Swinging Strike
1-2: Ground out 6-3 (Groundball, 6)
Batting: RHB Enrique Echevarría 0-0: Fly out, F6 (Popup, 56D)
Batting: SHB Miguel Pérez 0-0: Ball
1-0: Called Strike
1-1: Fly out, F9 (Flyball, 89M)
Bottom of the 7th over - 0 run(s), 0 hit(s), 0 error(s), 0 left on base; Springfield 2 - Mercer Island 16
TOP OF THE 8TH
Springfield Shooters batting - Pitching for Mercer Island Screaming Eagles : RHP Marcos Mesa
Batting: RHB Darrell Terwey 0-0: Foul Ball, location: 2F
0-1: Foul Ball, location: 2F
0-2: Ball
1-2: Reached on error, E6 (Groundball, 6)
Batting: RHB Ethan Miller 0-0: Swinging Strike
0-1: Foul Ball, location: 2F
0-2: Ball
1-2: Ball
2-2: Ball
3-2: SINGLE (Line Drive, 8LS)
Darrell Terwey to third
Batting: LHB Joram Nelen 0-0: Ball
1-0: Ball
2-0: Called Strike
2-1: Foul Ball, location: 2F
2-2: Foul Ball, location: 2F
2-2: Ball
3-2: SINGLE (Groundball, 2R) (infield hit)
Ethan Miller to second
Batting: LHB Ted Cracknell 0-0: Ball
1-0: Called Strike
1-1: Called Strike
1-2: Strikes out looking
Batting: LHB Carlton Little 0-0: Ball
1-0: Ball
2-0: Foul Ball, location: 2F
2-1: Foul Ball, location: 2F
2-2: Strikes out looking
Batting: RHB Álex Escobar 0-0: DOUBLE (Line Drive, 8RM)
Darrell Terwey scores
Ethan Miller scores
Joram Nelen to third
Runner from 3rd tries for Home, throw and OUT!
Top of the 8th over - 2 run(s), 3 hit(s), 1 error(s), 1 left on base; Springfield 4 - Mercer Island 16
BOTTOM OF THE 8TH
Mercer Island Screaming Eagles batting - Pitching for Springfield Shooters : RHP Johnny Wheeler
Batting: RHB Randy Rehling 0-0: Ball
1-0: Swinging Strike
1-1: Ball
2-1: SINGLE (Line Drive, 78S)
Batting: LHB Mike Russell 0-0: Ball
1-0: Bunted foul
1-1: SINGLE (Flyball, 89S)
Randy Rehling to second
Randy Rehling to third
Batting: RHB Lloyd Alberink 0-0: Called Strike
0-1: Ball
1-1: Fly out, F6 (Popup, 6)
Batting: LHB Nelson Plasenia 0-0: Ball
1-0: Called Strike
1-1: Ball
Mike Russell steals 2nd base
2-1: Foul Ball, location: 2F
2-2: Ball
3-2: SINGLE (Line Drive, 56)
Randy Rehling scores
Mike Russell to third
Batting: SHB José Salazar 0-0: Swinging Strike
0-1: Ball
1-1: Ball
2-1: Ball
3-1: Base on Balls
Nelson Plasenia to second
Batting: SHB Ray Davis 0-0: Swinging Strike
0-1: Foul Ball, location: 2F
0-2: Foul Ball, location: 2F
0-2: Ball
1-2: Ball
2-2: Ball
3-2: Grounds into double play, 6-4-3 (Groundball, 6)
Bottom of the 8th over - 1 run(s), 3 hit(s), 0 error(s), 2 left on base; Springfield 4 - Mercer Island 17
TOP OF THE 9TH
Springfield Shooters batting - Pitching for Mercer Island Screaming Eagles : RHP Marcos Mesa
Batting: SHB Albert Santos 0-0: Ball
1-0: Fly out, F8 (Line Drive, 8LM)
Batting: LHB Carl Pierce 0-0: Ball
1-0: Called Strike
1-1: Ball
2-1: Ball
3-1: Called Strike
3-2: Foul Ball, location: 2F
3-2: Base on Balls
Batting: RHB José López 0-0: Ball
1-0: Fielders Choice at 2nd, 2-6 (Groundball, 2R)
Batting: RHB Darrell Terwey 0-0: Fly out, F8 (Flyball, 8LM)
Top of the 9th over - 0 run(s), 0 hit(s), 0 error(s), 1 left on base; Springfield 4 - Mercer Island 17
This league is powered by Out of the Park Baseball, the baseball management simulation game for PC, Mac and Linux
Friday, January 22nd, 2016 - OOTP Baseball 16.9 Build 39